Map: Echo LE (Void)

Players

wabbajack - Winner!

  • Race: Zerg Zerg
  • League: Grandmaster

Moomix

  • Race: Zerg Zerg
  • League: Grandmaster

VOD

Have the link to the VOD?

Description

Roach/ling Win vs slow ling rush

Time

  • Played on: June 25, 2015, 10:47 a.m.
  • Length: 6:09
Show
View Real Time Build Order
Export as new Build Order

wabbajack Zerg - Winner!

Build Orders: Hatch First 

Get SALT Encoding   

  12  0:01  Drone  
  13  0:09  Drone  
  14  0:15  Extractor  
  14  0:16  Drone  
  15  0:40  Hatchery  
  14  0:47  Extractor  
  14  0:48  Drone  
  15  1:00  Spawning Pool  
  15  1:02  Extractor  
  13  1:06  Drone  
  14  1:13  Extractor  
  14  1:14  Drone, Extractor  
  14  1:15  Drone  
  15  1:21  Overlord  
  16  1:41  Drone x2  
  18  1:47  Queen  
  18  1:51  Drone  
  18  1:53  Drone  
  22  2:01  Queen  
  22  2:07  Metabolic Boost  
  24  2:13  Drone  
  24  2:15  Drone  
  26  2:29  Roach Warren  
  25  2:31  Drone  
  25  2:35  Drone  
  27  2:37  Overlord  
  27  2:41  Overlord  
  27  2:46  Overlord  
  27  3:02  Drone  
  28  3:12  Roach x2  
  34  3:13  Roach x2  
  34  3:17  Roach  
  38  3:22  Roach  
  38  3:23  Roach  
  42  3:29  Roach x2  
  42  3:31  Overlord  
  46  3:37  Roach  
  50  3:48  Roach  
  50  3:54  Drone  
  51  3:58  Roach  
  51  4:16  Overlord  
  51  4:20  Zergling x14  
  51  4:21  Zergling x4  
  60  4:39  Spine Crawler, Zergling x2  
  60  4:40  Zergling x10  
  64  5:15  Zergling x4  
  64  5:16  Zergling x2  
  67  5:35  Zergling x14  
  65  5:39  Overlord x2  
  67  5:48  Ravager  
  67  5:49  Ravager  
  67  5:55  Hatchery  
  62  6:04  Ravager  
Show
View Real Time Build Order
Export as new Build Order

Moomix Zerg 

Build Orders: Pool First 

Get SALT Encoding   

  12  0:04  Drone  
  13  0:10  Drone  
  14  0:22  Overlord  
  14  0:37  Spawning Pool  
  14  0:38  Drone  
  14  0:51  Drone  
  14  0:53  Drone  
  14  0:54  Drone  
  17  1:19  Hatchery  
  17  1:20  Extractor  
  17  1:21  Drone  
  17  1:22  Drone  
  17  1:30  Extractor  
  16  1:43  Drone x2  
  18  1:49  Queen  
  20  2:00  Drone x2  
  22  2:16  Overlord  
  22  2:32  Queen  
  22  2:33  Drone  
  25  2:58  Drone  
  25  2:59  Drone  
  25  3:04  Drone  
  28  3:08  Zergling x4  
  28  3:09  Zergling x10  
  28  3:11  Metabolic Boost  
  35  3:13  Lair  
  35  3:17  Drone  
  36  3:29  Overlord  
  36  3:48  Drone x2  
  38  3:49  Drone x4  
  38  3:50  Drone  
  42  4:05  Roach Warren  
  35  4:21  Zergling x4  
  35  4:22  Zergling x14  
  44  4:41  Overlord x4  
  29  5:03  Roach x2  
  29  5:04  Roach x6  
  29  5:05  Roach  
  36  5:33  Roach x3  
  37  5:42  Roach x4  
Tags
 
Add a new tag
Caveats
  • Supply blocks, unpowered buildings, or Contaminate may cause inaccurate times.
  • Supply counts are checked every 10 seconds.